 Dungeon Sprint DCSS version 0.21.1-1-g345015f (webtiles) character file.

584 Fang the Cleaver (level 7, -6/66 HPs)
             Began as a Minotaur Berserker on May 2, 2018.
             Was a Priest of Trog.
             Mangled by a neqoxec (10 damage)
             ... in the Dungeon (Sprint II: "The Violet Keep of Menkaure").
             The game lasted 00:00:54 (89 turns).

Fang the Cleaver (Minotaur Berserker)                 Turns: 89, Time: 00:00:54

Health: -6/66      AC:  2    Str: 23      XL:     7   Next: 14%
Magic:  5/5        EV: 14    Int:  1 (4)  God:    Trog [***...]
Gold:   243        SH:  0    Dex: 10      Spells: 6/6 levels left

rFire    . . .     SeeInvis .   a - +0 hand axe
rCold    . . .     Gourm    .   (no shield)
rNeg     . . .     Faith    .   b - +0 animal skin
rPois    .         Spirit   .   (helmet restricted)
rElec    .         Reflect  .   (no cloak)
rCorr    .         Harm     .   (no gloves)
MR       .....     NoTele   +   (no boots)
Stlth    +.........             (no amulet)
HPRegen  0.00/turn              (no ring)
MPRegen  0.09/turn              (no ring)

@: berserk cooldown, slowed, very slow
A: retaliatory headbutt, horns 2, frail 1, low mp 1, inhibited regeneration, no
potion heal 1
a: Berserk, Trog's Hand, Burn Spellbooks, Renounce Religion


You were in the Dungeon.
You worshipped Trog.
Trog was most pleased with you.
You were not hungry.

You visited 1 branch You collected 243 gold pieces.

Inventory:

Hand Weapons
 a - a +0 hand axe (weapon)
Armour
 b - a +0 animal skin (worn)
Scrolls
 i - a scroll of blinking
Potions
 d - a potion of curing
 e - a potion of heal wounds
 f - a potion of haste
 g - 2 potions of magic
 h - a potion of berserk rage
Comestibles
 c - a ration


   Skills:
 + Level 11.5 Fighting
 + Level 12.5 Axes
 + Level 6.1 Armour
 + Level 5.5 Dodging


You had 6 spell levels left.
You didn't know any spells.

Dungeon Overview and Level Annotations

Branches:
Dungeon (1/1)

Altars:


Innate Abilities, Weirdness & Mutations

You reflexively headbutt those who attack you in melee.
You have a pair of horns on your head.
You are frail. (-10% HP)
Your magical capacity is low. (-10% MP)
You do not regenerate when monsters are visible.
Potions are less effective at restoring your health.


Message History

Unknown command.
You completely miss the neqoxec.
The neqoxec is lightly wounded.
You closely miss the neqoxec. The neqoxec gestures at you.
Strange energies course through your body.
Your system partially rejects the healing effects of potions.
The neqoxec gestures.
You hit the neqoxec.
The neqoxec is moderately wounded.
You miss the neqoxec. The neqoxec misses you. The neqoxec hits you.
* * * LOW HITPOINT WARNING * * *
Unknown command.
You closely miss the neqoxec. You headbutt the neqoxec.
The neqoxec is moderately wounded.
You hit the neqoxec. The neqoxec hits you!
* * * LOW HITPOINT WARNING * * *
The iron imp disappears for a moment.
The neqoxec hits you!
You die...

### # #+###5##
.# ##.##.#3#..#
+.<.'##@35.#
##.###..#....#
##†###.##......
#...### ..§..
#..#..# §≈≈..
##. .## §≈§. ##
## ≈§≈§


You could see 2 neqoxecs, an iron imp and an ufetubus.

Vanquished Creatures
  2 neqoxecs (D)
  4 necrophages (D)
6 creatures vanquished.

Vanquished Creatures (others)
  A crocodile (D)
1 creature vanquished.

Grand Total: 7 creatures vanquished

Notes
Turn   | Place    | Note
-------+----------+-------------------------------------------
     0 | D        | Fang the Minotaur Berserker began the quest for the Orb.
     0 | D        | Reached XP level 1. HP: 19/19 MP: 0/0
     1 | D        | Noticed a necrophage
     1 | D        | Noticed a necrophage
     1 | D        | Noticed a necrophage
     1 | D        | Noticed a necrophage
     6 | D        | Killed a necrophage
     6 | D        | Reached skill level 7 in Axes
     6 | D        | Reached XP level 2. HP: 34/34 MP: 1/1
     6 | D        | Reached XP level 3. HP: 39/39 MP: 2/2
     6 | D        | Reached XP level 4. HP: 47/47 MP: 3/3
     9 | D        | Killed a necrophage
     9 | D        | Reached skill level 9 in Axes
     9 | D        | Reached XP level 5. HP: 56/56 MP: 4/4
    16 | D        | Killed a necrophage
    16 | D        | Reached ** piety under Trog
    16 | D        | Reached skill level 10 in Axes
    16 | D        | Reached skill level 5 in Armour
    19 | D        | Killed a necrophage
    19 | D        | Reached skill level 10 in Fighting
    19 | D        | Reached XP level 6. HP: 66/66 MP: 5/5
    46 | D        | Noticed a neqoxec
    57 | D        | Noticed a neqoxec
    61 | D        | Gained mutation: Your magical capacity is low. (-10% MP) [a neqoxec]
    67 | D        | Killed a neqoxec
    67 | D        | Reached skill level 11 in Axes
    67 | D        | Reached skill level 5 in Dodging
    73 | D        | Killed a neqoxec
    73 | D        | Reached *** piety under Trog
    73 | D        | Reached skill level 12 in Axes
    73 | D        | Reached XP level 7. HP: 74/74 MP: 5/5
    76 | D        | Noticed a neqoxec
    77 | D        | Noticed a neqoxec
    83 | D        | Gained mutation: You do not regenerate when monsters are visible. [a neqoxec]
    84 | D        | Gained mutation: You are frail. (-10% HP) [a neqoxec]
    87 | D        | Gained mutation: Potions are less effective at restoring your health. [a neqoxec]
    89 | D        | Mangled by a neqoxec

Skill      XL: |  1  2  3  4  5  6 |
---------------+-------------------+-----
Fighting       | 7 8 10 11 | 11.5
Axes           | 7 9 10 12 | 12.5
Armour         | 3 4 5 6 |  6.1
Dodging        | 3 4 5 |  5.5

Action                   |  1- 3 |  4- 6 |  7- 9 || total
-------------------------+-------+-------+-------++-------
Melee: Hand axe          |     3 |    36 |     9 ||    48
       Headbutt          |       |     7 |     2 ||     9
Invok: Berserk           |     1 |     1 |       ||     2
Armor: Animal skin       |     1 |     2 |       ||     3
Dodge: Dodged            |     1 |    29 |     5 ||    35
